 Dungeon Crawl Stone Soup version 0.28-a0-1182-g381e24db82 (webtiles) character file.

Game seed: 16562225120453748444

4 fragbeetle the Ruffian (level 1, -3/16 HPs)
             Began as a Draconian Transmuter on Dec 17, 2021.
             Slain by a kobold (17 damage)
             ... on level 1 of the Dungeon.
             The game lasted 00:00:22 (48 turns).

fragbeetle the Ruffian (Draconian Transmuter)         Turns: 48, Time: 00:00:23

Health: -3/16      AC:  4    Str: 12    XL:     1   Next: 58%
Magic:  1/3        EV: 12    Int: 13    God:
Gold:   17         SH:  0    Dex: 11    Spells: 3/4 levels left

rFire   . . .      SeeInvis .     - Unarmed
rCold   . . .      Faith    .   (no shield)
rNeg    . . .      Spirit   .   (armour unavailable)
rPois   .          Reflect  .   (helmet currently unavailable)
rElec   .          Harm     .   (no cloak)
rCorr   .          Rampage  .   (no gloves)
Will    .....                   (boots currently unavailable)
Stlth   +.........              (no amulet)
HPRegen 0.05/turn               (no ring)
MPRegen 0.08/turn               (no ring)

@: appendages (expiring)
A: horns 2, talons 2, AC +4, unfitting armour, cold-blooded
a: End Transformation


You were on level 1 of the Dungeon.
You had temporarily grown beastly horns and talons.
You visited 1 branch of the dungeon, and saw 1 of its levels.

You collected 17 gold pieces.

Inventory:

Scrolls
 a - a scroll of identify {unknown}


   Skills:
 - Level 1.1 Fighting
 - Level 1.7 Dodging
 + Level 3.1 Unarmed Combat
 - Level 2.0 Spellcasting
 + Level 2.2 Transmutations


You had 3 spell levels left.
You knew the following spells:

 Your Spells              Type           Power      Damage    Failure   Level
a - Beastly Appendage     Tmut           14%        N/A       11%         1

Your spell library contained the following spells:

 Spells                   Type           Power      Damage    Failure   Level
 Wereblood                Tmut           7%         N/A       16%         2
 Spider Form              Tmut/Pois      4%         N/A       43%         3
 Ice Form                 Ice/Tmut       4%         N/A       85%         4


Dungeon Overview and Level Annotations

Branches:
Dungeon (1/15)

Altars:


Innate Abilities, Weirdness & Mutations

You have temporarily grown beastly horns and talons.
Your plain brown scales are hard. (AC +4)
You cannot fit into any form of body armour.
You are cold-blooded and may be slowed by cold attacks.


Message History

The bat barely misses you.
You hit the bat.
You kill the bat!
Your transformation is almost over.
The endoplasm closely misses you.
You hit the endoplasm.
The endoplasm is moderately wounded.
The endoplasm closely misses you.
You hit the endoplasm but do no damage.
The endoplasm is moderately wounded.
The endoplasm hits you.
You hit the endoplasm. You headbutt the endoplasm.
You kill the endoplasm!
Your horns disappear.
Your talons disappear.
A rat comes into view. 2 kobolds come into view.
A kobold is wielding a +2 short sword of electrocution.
The kobold shouts!
The rat barely misses you.
You miscast Beastly Appendage.
You are very lightly contaminated with residual magic.
Nothing appears to happen.
The rat bites you but does no damage.
The kobold shouts!
You hear a shout!
You grow a pair of large bovine horns.
Your feet morph into talons.
The rat closely misses you.
You hit the rat.
You kill the rat!
You hit the kobold.
You kill the kobold!
Your transformation is almost over.
You barely miss the kobold. Your kick misses the kobold.
The kobold barely misses you.
A hobgoblin comes into view.
You barely miss the kobold. The kobold misses you.
Your magical contamination has completely faded away.
You miss the kobold. Your kick misses the kobold.
The kobold hits you with a +2 short sword of electrocution.
You are electrocuted!
Ouch! That really hurt!
You die...

## #. # #. #.##.
... #########
######.####.......#
#......K@.#.......#
#.##.#.g#.#.......#
#..#.#.......#
#....#.#.......#
#.##.#.#.......#
......#.#.......#
###.......#...####
#.####.........#
#.(.......####.#


You could see a hobgoblin and a kobold.

Vanquished Creatures
  A bat (D:1)
  An endoplasm (D:1)
  A kobold (D:1)
  A rat (D:1)
4 creatures vanquished.

Notes
Turn   | Place    | Note
-------+----------+-------------------------------------------
     0 | D:1      | fragbeetle the Draconian Transmuter began the quest for the
                  | Orb.
     0 | D:1      | Reached XP level 1. HP: 16/16 MP: 3/3
    48 | D:1      | Slain by a kobold

Illustrated notes

Levels and vault maps discovered:
D:1:      onia_arrival_pyramid, layout_loops_cross,
          chequers_ecumenical_altar_twisty

Action                   || total
-------------------------++-------
Melee: Unarmed           ||    10
       Headbutt          ||     2
 Cast: Beastly Appendage ||     2
Armor: Skin              ||     2
Dodge: Dodged            ||     8

Table legend: (Time is in decaauts)
 A = Elapsed time spent in this place.
 B = Non-inter-level travel time spent in this place.
 C = Inter-level travel time spent in this place.
 D = Time resting spent in this place.
 E = Time spent auto-exploring this place.
 F = Levels seen in this place.
 G = Mean time per level.
                   A        B        C        D        E       F      G
               +--------+--------+--------+--------+--------+-----+--------+
         Total |     47 |     47 |      0 |      0 |      0 |   1 |   47.0 |
       Dungeon |     47 |     47 |      0 |      0 |      0 |   1 |   47.0 |
               +--------+--------+--------+--------+--------+-----+--------+

Top non-repeatable levels by time:
     D:1: 47 daAuts
